 Dungeon Crawl Stone Soup version 0.16-a0-1970-g0967df0 (webtiles) character file.

4481 Kraw the Grappler (level 10, -8/84 (87) HPs)
             Began as a Troll Wanderer on Nov 7, 2014.
             Was a Believer of Ru.
             Mangled by a troll (12 damage)
             ... on level 9 of the Dungeon.
             The game lasted 00:36:57 (8245 turns).

Kraw the Grappler (Troll Wanderer)                  Turns: 8245, Time: 00:36:57

HP:   -8/84 (87)    AC: 10    Str: 22    XL:     10   Next: 16%
MP:   7/7           EV:  9    Int:  8    God:    Ru [**....]
Gold: 335           SH:  0    Dex: 12    Spells: 0 memorised, 11 levels left

rFire  . . .     SeeInvis .       - Unarmed
rCold  . . .     Clarity  .     o - +0 robe
rNeg   . . .     SustAb   .     (shield restricted)
rPois  .         Gourm    +     (helmet restricted)
rElec  .         Spirit   .     a - +2 cloak
rCorr  .         Warding  .     (gloves unavailable)
rMut   .         Stasis   .     (boots unavailable)
MR     .....                    (no amulet)
Stlth  +.........               (no ring)
                                N - +2 ring of protection (curse)

@: not resistant to hostile enchantments, very unstealthy
A: unfitting armour, claws 3, fast metabolism 3, gourmand, regeneration 2,
shaggy fur 1, tough skin 2, inability to train armour, magic vulnerability 1
a: Renounce Religion


You were on level 9 of the Dungeon.
You worshipped Ru.
Ru was pleased with you.
You were hungry.

You visited 1 branch of the dungeon, and saw 9 of its levels.
You also visited: Ossuary.

You collected 335 gold pieces.

Inventory:

Hand weapons
 b - a +0 blowgun
 e - a +0 club
Missiles
 u - 7 javelins (quivered)
 A - 47 poisoned needles
Armour
 a - a +2 cloak (worn)
 o - a +0 robe (worn)
Jewellery
 N - a cursed +2 ring of protection (left claw)
Magical devices
 q - a wand of teleportation (0)
 t - a wand of confusion (34)
 z - a wand of paralysis (9)
 I - a wand of magic darts (22)
Scrolls
 g - 8 scrolls of identify {unknown}
 i - 2 scrolls of amnesia {unknown}
 k - 3 scrolls of enchant armour {unknown}
 m - 4 scrolls of magic mapping
 n - 2 scrolls of fog {unknown}
 v - a scroll of blinking {unknown}
 x - 2 scrolls of fear {unknown}
 y - 4 scrolls of teleportation {unknown}
 D - 10 scrolls of remove curse
 E - 2 scrolls of immolation {unknown}
 K - a scroll of enchant weapon {unknown}
Potions
 d - a potion of confusion {unknown}
 j - 4 potions of lignification {unknown}
 l - 3 potions of might {unknown}
 p - a potion of agility {unknown}
 r - a potion of resistance {unknown}
 s - 9 potions of curing {unknown}
 w - a potion of magic {unknown}
 B - 3 potions of mutation {unknown}
 F - 2 potions of heal wounds {unknown}
 G - 2 potions of restore abilities {unknown}
 J - 3 potions of haste {unknown}
 L - a potion of cure mutation {unknown}
Comestibles
 c - 2 royal jellies
 f - 5 meat rations
 h - 8 bread rations
 C - 8 slices of pizza
 H - a beef jerky


   Skills:
 + Level 2.1 Fighting
   Level 1.0 Staves
 - Level 1.7 Throwing
 - Level 1.0 Dodging
 - Level 14.0 Unarmed Combat
 - Level 1.0 Spellcasting
   Level 1.3 Conjurations
   Level 1.2 Air Magic


You had 11 spell levels left.
You didn't know any spells.

Dungeon Overview and Level Annotations

Branches:
Dungeon (9/15)             Temple (0/1) D:6            Lair (0/8) D:8
    Orc: D:9-12

Altars:
Ashenzari
Dithmenos
Fedhas
Kikubaaqudgha
Makhleb
Nemelex Xobeh
Okawaru
Qazlal
Ru
Sif Muna
Trog
Vehumet
Yredelemnul
Zin
The Shining One

Shops:
D:5 }


Innate Abilities, Weirdness & Mutations

You are too large for most types of armour.
You have claws for hands.
Your metabolism is lightning-fast.
You like to eat raw meat.
You heal very quickly.
You are covered in fur (AC +1).
You have very tough skin (AC +2).
You cannot train your Armour skill.
You are slightly vulnerable to magic.


Message History

The troll claws you.
* * * LOW HITPOINT WARNING * * *
The troll barely misses you.
You see here 2 stones.
Throwing (i - inventory):
u - 8 javelins (quivered)
Press: ? - help, Shift-Dir - straight line, f - troll
Aim: a troll (almost dead, bleeding)
You throw a javelin. The javelin closely misses the troll.
You barely miss the troll. Your claw misses the troll.
The troll is severely wounded.
The troll closely misses you. The troll barely misses you. The troll claws you.
* * * LOW HITPOINT WARNING * * *
The troll is no longer bleeding. 2 killer bees come into view.
The killer bee buzzes angrily.
A killer bee comes into view.
The troll bites you!
* * * LOW HITPOINT WARNING * * *
The troll claws you!
You die...

...y.. ......y
.......#
......y.#
.........+
.........#
.........+
..........#
........@T#
####......# .
#......######..
#..............
#..............#
#..............#
#.<............#
#..............
#.....######...


You could see a troll and 3 killer bees.

Vanquished Creatures
  An ugly thing (D:8)
  2 two-headed ogres (D:8)
  A hill giant zombie (D:5)
  A hippogriff (D:7)
  A hungry ghost (D:9)
  A human (D:7)
  Menkaure (D:4)
  2 wargs (D:8)
  A sky beast (D:8)
  A necrophage (D:4)
  2 orc warriors
  An ice beast (D:7)
  2 ogres
  4 phantoms
  A centaur (D:5)
  4 giant frogs
  3 scorpions
  5 crimson imps
  A hound (D:7)
  9 orc priests
  7 orc wizards
  4 worker ants
  4 sheep (D:7)
  9 big kobold zombies (Ossuary)
  Ijyb (D:2)
  Jessica (D:2)
  A mummy (Ossuary)
  2 shadow imps (D:5)
  9 adders
  2 worms
  2 giant mites
  5 giant geckos
  An ooze (D:2)
  28 orcs
  4 spectral bats (Ossuary)
  A ball python (D:5)
  3 bat simulacra (Ossuary)
  A bat skeleton (D:4)
  A bat zombie (D:5)
  7 giant cockroaches
  17 goblins
  15 hobgoblins
  3 jackals (D:1)
  18 bats
  A giant gecko zombie (D:7)
  4 giant newts
  3 gnoll zombies (Ossuary)
  2 goblin simulacra (Ossuary)
  6 goblin zombies (Ossuary)
  5 hobgoblin zombies
  11 kobolds
  6 kobold simulacra (Ossuary)
  3 kobold zombies (Ossuary)
  An orc skeleton (D:4)
  5 orc zombies (Ossuary)
  4 quokkas
  9 rats
  2 rat simulacra (Ossuary)
  3 spectral goblins (Ossuary)
  3 spectral kobolds (Ossuary)
  5 spectral rats (Ossuary)
263 creatures vanquished.

Notes
Turn   | Place    | Note
--------------------------------------------------------------
     0 | D:1      | Kraw, the Troll Wanderer, began the quest for the Orb.
     0 | D:1      | Reached XP level 1. HP: 19/19 MP: 2/2
   132 | D:1      | Reached skill level 1 in Unarmed Combat
   322 | D:1      | Reached XP level 2. HP: 24/27 MP: 2/2
   494 | D:1      | Reached skill level 2 in Unarmed Combat
  1128 | D:2      | Reached XP level 3. HP: 14/33 MP: 3/3
  1235 | D:2      | Found an iron altar of Okawaru.
  1317 | D:2      | Noticed Ijyb
  1330 | D:2      | Reached skill level 3 in Unarmed Combat
  1376 | D:2      | Killed Ijyb
  1394 | D:2      | Reached XP level 4. HP: 41/41 MP: 3/3
  1583 | D:2      | Reached skill level 4 in Unarmed Combat
  1708 | D:2      | Noticed Jessica
  1714 | D:2      | Killed Jessica
  1865 | D:3      | Reached XP level 5. HP: 32/48 MP: 4/4
  1868 | D:3      | Reached skill level 5 in Unarmed Combat
  2046 | D:3      | Found a burning altar of Makhleb.
  2073 | D:3      | Identified the Guide on Floating Conjuration
  2073 | D:3      | Identified the Reference Book on Necromancy
  2353 | D:3      | Reached skill level 6 in Unarmed Combat
  2353 | D:3      | Reached XP level 6. HP: 55/55 MP: 5/5
  2416 | D:3      | Found a sacrificial altar of Ru.
  2441 | D:3      | Became a worshipper of Ru the Awakened
  2603 | D:4      | Found a blossoming altar of Fedhas.
  2873 | D:4      | Reached skill level 7 in Unarmed Combat
  3031 | D:4      | Reached XP level 7. HP: 55/62 MP: 5/5
  3142 | D:4      | Reached skill level 8 in Unarmed Combat
  3370 | D:4      | Noticed Menkaure
  3378 | D:4      | Killed Menkaure
  3437 | D:4      | Found a glowing silver altar of Zin.
  3607 | D:5      | Entered Level 5 of the Dungeon
  3656 | D:5      | Found Stroam's Gadget Shop.
  3682 | D:5      | Reached skill level 9 in Unarmed Combat
  3682 | D:5      | Reached XP level 8. HP: 24/67 MP: 5/5
  3835 | D:5      | Gained mutation: You are slightly vulnerable to magic. [Ru sacrifice]
  3835 | D:5      | Acquired Ru's first power
  3965 | D:5      | Reached skill level 10 in Unarmed Combat
  4334 | D:6      | Found a shattered altar of Ashenzari.
  4373 | D:6      | Found a staircase to the Ecumenical Temple.
  4611 | D:6      | Found a bloodstained altar of Trog.
  4904 | D:6      | Found a glowing silver altar of Zin.
  5131 | D:6      | Found a basalt altar of Yredelemnul.
  5265 | D:7      | Reached skill level 11 in Unarmed Combat
  5457 | D:7      | Found a stormy altar of Qazlal.
  5606 | D:7      | Found an ancient bone altar of Kikubaaqudgha.
  5637 | D:7      | Found a deep blue altar of Sif Muna.
  5670 | D:7      | Reached XP level 9. HP: 65/73 MP: 6/6
  5680 | D:7      | Found a glowing golden altar of the Shining One.
  5886 | D:7      | Reached skill level 12 in Unarmed Combat
  5918 | D:7      | Gained mutation: You cannot train your Armour skill. [Ru sacrifice]
  5918 | D:7      | Acquired Ru's second power
  6186 | D:7      | Found a shadowy altar of Dithmenos.
  6357 | D:8      | Reached skill level 13 in Unarmed Combat
  6458 | D:8      | Found a staircase to the Lair.
  6486 | D:8      | Found a sand-covered staircase.
  6486 | D:8      | Noticed a green ugly thing
  6500 | D:8      | Killed a green ugly thing
  6534 | Ossuary  | Entered an ossuary
  7460 | D:8      | Reached XP level 10. HP: 71/81 MP: 7/7
  7490 | D:8      | Found a radiant altar of Vehumet.
  7567 | D:8      | Reached skill level 14 in Unarmed Combat
  7827 | D:8      | Found a sparkling altar of Nemelex Xobeh.
  8225 | D:9      | HP: 2/84 [troll (6)]
  8245 | D:9      | HP: 4/84 [troll (11)]
  8245 | D:9      | Mangled by a troll

Action                   |  1- 3 |  4- 6 |  7- 9 | 10-12 || total
-------------------------+-------+-------+-------+-------++-------
Melee: Unarmed           |   117 |   180 |   370 |    46 ||   713
 Fire: Blowgun           |       |       |     5 |     2 ||     7
Throw: Javelin           |       |    27 |    73 |    11 ||   111
       Large rock        |       |       |     1 |       ||     1
Invok: Sacrifice Essence |       |       |     1 |       ||     1
       Sacrifice Durabil |       |       |     1 |       ||     1
  Use: Scroll            |       |       |     2 |       ||     2
 Stab: Distracted        |       |       |     3 |       ||     3
       Sleeping          |       |       |     4 |       ||     4
  Eat: Chunk             |    15 |    17 |    33 |     2 ||    67
       Beef jerky        |       |       |       |     3 ||     3
       Pizza             |       |       |       |     1 ||     1
